PA
CUT OFF CRAWDADS @ LAKE ERIE ARRYNS
07/29/2042
 
TOP OF THE 1ST
Cut Off Crawdads batting - Pitching for Lake Erie Arryns : RHP Devin Alvarado
Pitching: RHP Devin Alvarado
Batting: RHB Tim Hankins 0-0: Called Strike
0-1: Foul Ball, location: 2F
0-2: Ball
1-2: Fly out, F8 (Line Drive, 8LM, EV 93.1 MPH)
Batting: LHB Sam Wells 0-0: Called Strike
0-1: SINGLE (Line Drive, 34D, EV 97.5 MPH)
Batting: RHB Ramón Gabriel 0-0: Called Strike
0-1: Fielders Choice at 2nd, 1-4 (Groundball, 25, EV 92.5 MPH)
Batting: RHB Kennet Udinga 0-0: Called Strike
0-1: Ball
1-1: Foul Ball, location: 2F
1-2: Strikes out swinging
Top of the 1st over - 0 runs, 1 hit, 0 errors, 1 left on base; Cut Off 0 - Lake Erie 0
BOTTOM OF THE 1ST
Lake Erie Arryns batting - Pitching for Cut Off Crawdads : RHP Bhu Damocles
Pitching: RHP Bhu Damocles
Batting: LHB José López 0-0: Ball
1-0: Swinging Strike
1-1: Ball
2-1: Ground out 5-3 (Groundball, 56, EV 103.1 MPH)
Batting: RHB Shi-yu Ting 0-0: Ball
1-0: Called Strike
1-1: SINGLE (Groundball, 34, EV 100.0 MPH) (infield hit)
Batting: LHB Michael Cherry 0-0: Called Strike
0-1: Called Strike
0-2: SINGLE (Groundball, 3D, EV 103.8 MPH)
Shi-yu Ting to second
Runner from 2nd tries for 3rd, SAFE, no throw by RF
Batting: RHB Phil Underwood 0-0: Grounds into double play, 6-4-3 (Groundball, 6, EV 88.1 MPH)
Bottom of the 1st over - 0 runs, 2 hits, 0 errors, 1 left on base; Cut Off 0 - Lake Erie 0
TOP OF THE 2ND
Cut Off Crawdads batting - Pitching for Lake Erie Arryns : RHP Devin Alvarado
Batting: RHB Anthony Roosemont 0-0: Ground out 1-3 (Groundball, 34S, EV 68.1 MPH)
Batting: RHB Leonard Tucker 0-0: Foul Ball, location: 2F
0-1: Fly out, F8 (Flyball, 8RXD, EV 92.5 MPH)
Batting: SHB Gabriel Ortíz 0-0: Called Strike
0-1: Called Strike
0-2: Ball
1-2: Fly out, F7 (Flyball, 78D, EV 78.1 MPH)
Top of the 2nd over - 0 runs, 0 hits, 0 errors, 0 left on base; Cut Off 0 - Lake Erie 0
BOTTOM OF THE 2ND
Lake Erie Arryns batting - Pitching for Cut Off Crawdads : RHP Bhu Damocles
Batting: RHB Rafael Gutiérrez 0-0: Ball
1-0: Ball
2-0: Called Strike
2-1: Called Strike
2-2: Strikes out swinging
Batting: RHB Rafael Briones 0-0: Foul Ball, location: 2F
0-1: Swinging Strike
0-2: Ball
1-2: Ball
2-2: Foul Ball, location: 2F
2-2: Ball
3-2: Foul Ball, location: 2F
3-2: Foul Ball, location: 2F
3-2: Ground out 6-3 (Groundball, 6MD, EV 101.9 MPH)
Batting: LHB Erik Weinstein 0-0: SINGLE (Groundball, 4MD, EV 97.5 MPH)
Batting: RHB Jun Hasegawa 0-0: Ball
1-0: Ground out 2-3 (Groundball, 2R, EV 62.5 MPH)
Bottom of the 2nd over - 0 runs, 1 hit, 0 errors, 1 left on base; Cut Off 0 - Lake Erie 0
TOP OF THE 3RD
Cut Off Crawdads batting - Pitching for Lake Erie Arryns : RHP Devin Alvarado
Batting: RHB Michael Warner 0-0: Called Strike
0-1: Swinging Strike
0-2: Ball
1-2: Ball
2-2: Ground out 6-3 (Groundball, 6, EV 85.6 MPH)
Batting: RHB Alan Shepherd 0-0: Called Strike
0-1: Ground out 4-3 (Groundball, 34, EV 98.8 MPH)
Batting: RHB Tim Hankins 0-0: Ball
1-0: Foul Ball, location: 2F
1-1: Foul Ball, location: 2F
1-2: Fly out, F8 (Flyball, 8RD, EV 97.5 MPH)
Top of the 3rd over - 0 runs, 0 hits, 0 errors, 0 left on base; Cut Off 0 - Lake Erie 0
BOTTOM OF THE 3RD
Lake Erie Arryns batting - Pitching for Cut Off Crawdads : RHP Bhu Damocles
Batting: RHB Kaseeb bin Yunus 0-0: Foul Ball, location: 2F
0-1: Swinging Strike
0-2: Ball
1-2: Foul Ball, location: 2F
1-2: Fly out, F8 (Flyball, 8RM, EV 95.0 MPH)
Batting: LHB José López 0-0: Called Strike
0-1: Ball
1-1: Ball
2-1: Ball
3-1: Foul Ball, location: 2F
3-2: SINGLE (Line Drive, 4MD, EV 104.4 MPH)
Batting: RHB Shi-yu Ting 0-0: Ball
1-0: Called Strike
José López is caught stealing 2nd base 2-4
1-1: Called Strike
1-2: Ball
2-2: Foul Ball, location: 2F
2-2: Foul Ball, location: 2F
2-2: Foul Ball, location: 2F
2-2: Foul Ball, location: 2F
2-2: Ball
3-2: Foul Ball, location: 2F
3-2: Fly out, F9 (Flyball, 9LS, EV 92.5 MPH)
Bottom of the 3rd over - 0 runs, 1 hit, 0 errors, 0 left on base; Cut Off 0 - Lake Erie 0
TOP OF THE 4TH
Cut Off Crawdads batting - Pitching for Lake Erie Arryns : RHP Devin Alvarado
Batting: LHB Sam Wells 0-0: Foul Ball, location: 2F
0-1: Foul Ball, location: 2F
0-2: Ball
1-2: Ball
2-2: SINGLE (Line Drive, 9S, EV 94.4 MPH)
Batting: RHB Ramón Gabriel 0-0: Called Strike
0-1: Called Strike
0-2: Foul Ball, location: 2F
0-2: Foul Ball, location: 2F
0-2: Strikes out swinging
Batting: RHB Kennet Udinga 0-0: Ball
1-0: Ball
2-0: Foul Ball, location: 2F
2-1: Fly out, F3 (Popup, 3, EV 68.1 MPH)
Batting: RHB Anthony Roosemont 0-0: Ball
1-0: Foul Ball, location: 2F
1-1: Ball
2-1: SINGLE (Line Drive, 34, EV 96.2 MPH)
Sam Wells to second
Runner from 2nd tries for 3rd, SAFE, no throw by RF
Batting: RHB Leonard Tucker 0-0: Ball
1-0: Foul Ball, location: 2F
1-1: Ball
2-1: Ball
3-1: Swinging Strike
3-2: Foul Ball, location: 2F
3-2: Strikes out swinging
Top of the 4th over - 0 runs, 2 hits, 0 errors, 2 left on base; Cut Off 0 - Lake Erie 0
BOTTOM OF THE 4TH
Lake Erie Arryns batting - Pitching for Cut Off Crawdads : RHP Bhu Damocles
Batting: LHB Michael Cherry 0-0: Ball
1-0: Ball
2-0: Foul Ball, location: 2F
2-1: Ball
3-1: Called Strike
3-2: Strikes out looking
Batting: RHB Phil Underwood 0-0: Ball
1-0: Called Strike
1-1: Ball
2-1: Foul Ball, location: 2F
2-2: Strikes out swinging
Batting: RHB Rafael Gutiérrez 0-0: Ball
1-0: Ball
2-0: Foul Ball, location: 2F
2-1: Ball
3-1: SINGLE (Groundball, 34D, EV 102.5 MPH)
Batting: RHB Rafael Briones 0-0: Ball
1-0: Foul Ball, location: 2F
1-1: Called Strike
1-2: Foul Ball, location: 2F
1-2: Ball
2-2: SINGLE (Groundball, 6D, EV 97.5 MPH)
Rafael Gutiérrez to second
Batting: LHB Erik Weinstein 0-0: Ball
1-0: Reached on error, E4 (Groundball, 4, EV 91.9 MPH)
Rafael Gutiérrez scores
Rafael Briones to third
Batting: RHB Jun Hasegawa 0-0: Called Strike
0-1: Ball
1-1: Foul Ball, location: 2F
1-2: Foul Ball, location: 2F
1-2: Foul Ball, location: 2F
1-2: Ball
2-2: Foul Ball, location: 2F
2-2: Strikes out swinging
Bottom of the 4th over - 1 run, 2 hits, 1 error, 2 left on base; Cut Off 0 - Lake Erie 1
TOP OF THE 5TH
Cut Off Crawdads batting - Pitching for Lake Erie Arryns : RHP Devin Alvarado
Batting: SHB Gabriel Ortíz 0-0: Ground out 5-3 (Groundball, 56, EV 107.5 MPH)
Batting: RHB Michael Warner 0-0: Foul Ball, location: 2F
0-1: Ball
1-1: Swinging Strike
1-2: Hit by Pitch
Batting: RHB Alan Shepherd 0-0: Called Strike
0-1: SINGLE (Line Drive, 78S, EV 107.5 MPH)
Michael Warner to second
Batting: RHB Tim Hankins 0-0: Called Strike
0-1: Called Strike
0-2: Strikes out swinging
Batting: LHB Sam Wells 0-0: Swinging Strike
0-1: TRIPLE (Line Drive, 89XD, EV 110.0 MPH)
Michael Warner scores
Alan Shepherd scores
Batting: RHB Ramón Gabriel 0-0: SINGLE (Line Drive, 6M, EV 93.8 MPH)
Sam Wells scores
Batting: RHB Kennet Udinga 0-0: Called Strike
0-1: Fly out, F8 (Flyball, 8RD, EV 78.1 MPH)
Top of the 5th over - 3 runs, 3 hits, 0 errors, 1 left on base; Cut Off 3 - Lake Erie 1
BOTTOM OF THE 5TH
Lake Erie Arryns batting - Pitching for Cut Off Crawdads : RHP Bhu Damocles
Batting: RHB Kaseeb bin Yunus 0-0: Ball
1-0: Ball
2-0: Ball
3-0: Called Strike
3-1: Ground out 5-3 (Groundball, 56S, EV 82.5 MPH)
Batting: LHB José López 0-0: Swinging Strike
0-1: Ball
1-1: Foul Ball, location: 2F
1-2: Foul Ball, location: 2F
1-2: Foul Ball, location: 2F
1-2: Strikes out looking
Batting: RHB Shi-yu Ting 0-0: Fly out, F8 (Flyball, 8RD, EV 100.6 MPH)
Bottom of the 5th over - 0 runs, 0 hits, 0 errors, 0 left on base; Cut Off 3 - Lake Erie 1
TOP OF THE 6TH
Cut Off Crawdads batting - Pitching for Lake Erie Arryns : RHP Devin Alvarado
Batting: RHB Anthony Roosemont 0-0: Ball
1-0: SINGLE (Line Drive, 8RS, EV 98.8 MPH)
Batting: RHB Leonard Tucker 0-0: Foul Ball, location: 2F
0-1: Ball
1-1: Called Strike
1-2: Ground out 6-3 (Groundball, 6M, EV 84.4 MPH)
Anthony Roosemont to second
Batting: SHB Gabriel Ortíz 0-0: Ball
1-0: Ball
2-0: SINGLE (Flyball, 8RS, EV 94.4 MPH)
Anthony Roosemont to third
Runner from 3rd tries for Home, SAFE, no throw by CF
Batting: RHB Michael Warner 0-0: Called Strike
0-1: Ball
1-1: SINGLE (Line Drive, 8LS, EV 89.4 MPH)
Gabriel Ortíz to second
Runner from 2nd tries for 3rd, SAFE, no throw by CF
Batting: RHB Alan Shepherd 0-0: Called Strike
0-1: Fly out, F7 (Flyball, 78D, EV 101.9 MPH)
Runner from 3rd tags up, SCORES, no throw by LF
Batting: RHB Tim Hankins 0-0: Called Strike
0-1: Ball
1-1: Ball
2-1: Swinging Strike
2-2: Ground out 1-3 (Groundball, 13, EV 69.4 MPH)
Top of the 6th over - 2 runs, 3 hits, 0 errors, 1 left on base; Cut Off 5 - Lake Erie 1
BOTTOM OF THE 6TH
Lake Erie Arryns batting - Pitching for Cut Off Crawdads : RHP Bhu Damocles
Batting: LHB Michael Cherry 0-0: Foul Ball, location: 2F
0-1: Called Strike
0-2: Ball
1-2: Ball
2-2: Foul Ball, location: 2F
2-2: Ground out 4-3 (Groundball, 4, EV 107.5 MPH)
Pitching: RHP Kuniyuki Sugimoto
Batting: RHB Phil Underwood 0-0: Swinging Strike
0-1: Foul Ball, location: 2F
0-2: Foul Ball, location: 2F
0-2: Strikes out looking
Batting: RHB Rafael Gutiérrez 0-0: Ball
1-0: SINGLE (Flyball, 9S, EV 95.6 MPH) - OUT at second base trying to stretch hit.
Bottom of the 6th over - 0 runs, 1 hit, 0 errors, 0 left on base; Cut Off 5 - Lake Erie 1
TOP OF THE 7TH
Cut Off Crawdads batting - Pitching for Lake Erie Arryns : RHP Devin Alvarado
Pitching: RHP Leonardo Trujillo
Batting: LHB Sam Wells 0-0: SINGLE (Line Drive, 4D, EV 106.2 MPH)
Batting: RHB Ramón Gabriel 0-0: Called Strike
0-1: Fly out, F8 (Flyball, 8LS, EV 87.5 MPH)
Batting: RHB Kennet Udinga 0-0: Ball
Sam Wells is caught stealing 2nd base 2-4
1-0: Foul Ball, location: 2F
1-1: SINGLE (Groundball, 56D, EV 96.9 MPH)
Batting: RHB Anthony Roosemont 0-0: Fly out, F4 (Popup, 4, EV 75.0 MPH)
Top of the 7th over - 0 runs, 2 hits, 0 errors, 1 left on base; Cut Off 5 - Lake Erie 1
BOTTOM OF THE 7TH
Lake Erie Arryns batting - Pitching for Cut Off Crawdads : RHP Kuniyuki Sugimoto
Batting: RHB Rafael Briones 0-0: Called Strike
0-1: Swinging Strike
0-2: Strikes out swinging
Batting: LHB Erik Weinstein 0-0: Called Strike
0-1: Called Strike
0-2: Foul Ball, location: 2F
0-2: Foul Ball, location: 2F
0-2: Ball
1-2: Ball
2-2: Ball
3-2: Ground out 6-3 (Groundball, 6M, EV 85.0 MPH)
Batting: RHB Jun Hasegawa 0-0: Called Strike
0-1: Swinging Strike
0-2: Strikes out looking
Bottom of the 7th over - 0 runs, 0 hits, 0 errors, 0 left on base; Cut Off 5 - Lake Erie 1
TOP OF THE 8TH
Cut Off Crawdads batting - Pitching for Lake Erie Arryns : RHP Leonardo Trujillo
Batting: RHB Leonard Tucker 0-0: Swinging Strike
0-1: Called Strike
0-2: Ball
1-2: Strikes out swinging
Batting: SHB Gabriel Ortíz 0-0: Called Strike
0-1: Ball
1-1: Fly out, F7 (Flyball, 7D, EV 91.9 MPH)
Batting: RHB Michael Warner 0-0: Foul Ball, location: 2F
0-1: Foul Ball, location: 2F
0-2: Ball
1-2: Ball
2-2: Strikes out looking
Top of the 8th over - 0 runs, 0 hits, 0 errors, 0 left on base; Cut Off 5 - Lake Erie 1
BOTTOM OF THE 8TH
Lake Erie Arryns batting - Pitching for Cut Off Crawdads : RHP Kuniyuki Sugimoto
Batting: RHB Kaseeb bin Yunus 0-0: Called Strike
0-1: Ground out 6-3 (Groundball, 6, EV 85.6 MPH)
Batting: LHB José López 0-0: Called Strike
0-1: Called Strike
0-2: Ball
1-2: Foul Ball, location: 2F
1-2: Ball
2-2: Strikes out swinging
Batting: RHB Shi-yu Ting 0-0: Called Strike
0-1: Foul Ball, location: 2F
0-2: Strikes out swinging
Bottom of the 8th over - 0 runs, 0 hits, 0 errors, 0 left on base; Cut Off 5 - Lake Erie 1
TOP OF THE 9TH
Cut Off Crawdads batting - Pitching for Lake Erie Arryns : RHP Leonardo Trujillo
Batting: RHB Alan Shepherd 0-0: Called Strike
0-1: Ground out 6-3 (Groundball, 4MS, EV 78.8 MPH)
Batting: RHB Tim Hankins 0-0: Called Strike
0-1: Ball
1-1: Called Strike
1-2: SINGLE (Groundball, 6D, EV 99.4 MPH)
Batting: LHB Sam Wells 0-0: Foul Ball, location: 2F
0-1: Ball
1-1: Swinging Strike
1-2: Ball
Tim Hankins steals 2nd base
2-2: Ground out 4-3 (Groundball, 4, EV 108.8 MPH)
Tim Hankins to third
Batting: RHB Ramón Gabriel 0-0: Foul Ball, location: 2F
0-1: Foul Ball, location: 2F
0-2: Ground out 4-3 (Groundball, 4, EV 103.8 MPH)
Top of the 9th over - 0 runs, 1 hit, 0 errors, 1 left on base; Cut Off 5 - Lake Erie 1
BOTTOM OF THE 9TH
Lake Erie Arryns batting - Pitching for Cut Off Crawdads : RHP Kuniyuki Sugimoto
Batting: LHB Michael Cherry 0-0: DOUBLE (Flyball, 8LXD, EV 107.5 MPH)
Batting: RHB Phil Underwood 0-0: Called Strike
0-1: Called Strike
0-2: SINGLE (Groundball, 4MD, EV 97.5 MPH)
Michael Cherry to third
Pitching: RHP Lewis Goodman
Batting: RHB Rafael Gutiérrez 0-0: Ball
1-0: Called Strike
1-1: Ball
2-1: Foul Ball, location: 2F
2-2: Strikes out looking
Batting: RHB Rafael Briones 0-0: Called Strike
0-1: Ball
1-1: 3-RUN HOME RUN (Flyball, 78XD, EV 91.9 MPH), Distance : 435 ft
Batting: LHB Erik Weinstein 0-0: Ball
1-0: Called Strike
1-1: Ball
2-1: Called Strike
2-2: Foul Ball, location: 2F
2-2: Strikes out swinging
Pinch Hitting: LHB Trent Armstrong 0-0: Foul Ball, location: 2F
0-1: Ball
1-1: Ball
2-1: Ball
3-1: Foul Ball, location: 2F
3-2: Base on Balls
Pinch Hitting: SHB Juan Alonso 0-0: SINGLE (Line Drive, 9S, EV 105.6 MPH)
Trent Armstrong to second
Runner from 2nd tries for 3rd, SAFE, no throw by RF
Batting: LHB José López 0-0: Ball
1-0: SINGLE (Line Drive, 89M, EV 99.4 MPH)
Trent Armstrong scores
Juan Alonso to second
Batting: RHB Shi-yu Ting 0-0: Ball
1-0: Called Strike
1-1: Foul Ball, location: 2F
1-2: Ball
2-2: Foul Ball, location: 2F
2-2: Strikes out swinging
Bottom of the 9th over - 4 runs, 5 hits, 0 errors, 2 left on base; Cut Off 5 - Lake Erie 5
TOP OF THE 10TH
Cut Off Crawdads batting - Pitching for Lake Erie Arryns : RHP Leonardo Trujillo
Pitching: LHP Paco Solano
Now at C: Valerio Salinas
Now at 1B: Trent Armstrong
Batting: RHB Kennet Udinga 0-0: Ball
1-0: Called Strike
1-1: Ground out 1-3 (Groundball, 34S, EV 86.9 MPH)
Batting: RHB Anthony Roosemont 0-0: Ground out 1-3 (Groundball, P, EV 79.4 MPH)
Batting: RHB Leonard Tucker 0-0: Ball
1-0: Called Strike
1-1: Ball
2-1: Foul Ball, location: 2F
2-2: Ball
3-2: Ground out 5-3 (Groundball, 56S, EV 88.1 MPH)
Top of the 10th over - 0 runs, 0 hits, 0 errors, 0 left on base; Cut Off 5 - Lake Erie 5
BOTTOM OF THE 10TH
Lake Erie Arryns batting - Pitching for Cut Off Crawdads : RHP Lewis Goodman
Pitching: RHP Ron Francis
Batting: LHB Michael Cherry 0-0: Called Strike
0-1: Swinging Strike
0-2: Strikes out swinging
Batting: RHB Phil Underwood 0-0: Ball
1-0: Ball
2-0: Ball
3-0: Base on Balls
Batting: RHB Rafael Gutiérrez 0-0: Fielders Choice at 2nd, 5-4 (Groundball, 56, EV 86.2 MPH)
Batting: RHB Rafael Briones 0-0: Ball
1-0: Foul Ball, location: 2F
1-1: Fielders Choice at 2nd, 6-4 (Groundball, 6, EV 85.0 MPH)
Bottom of the 10th over - 0 runs, 0 hits, 0 errors, 1 left on base; Cut Off 5 - Lake Erie 5
TOP OF THE 11TH
Cut Off Crawdads batting - Pitching for Lake Erie Arryns : LHP Paco Solano
Batting: SHB Gabriel Ortíz 0-0: Ball
1-0: Ball
2-0: Foul Ball, location: 2F
2-1: Fly out, F9 (Flyball, 9LSF, EV 85.0 MPH)
Batting: RHB Michael Warner 0-0: Ball
1-0: Foul Ball, location: 2F
1-1: Foul Ball, location: 2F
1-2: Ball
2-2: Foul Ball, location: 2F
2-2: Ball
3-2: TRIPLE (Flyball, 78XD, EV 101.2 MPH)
Batting: RHB Alan Shepherd 0-0: Ball
1-0: Ball
2-0: Ball
3-0: Base on Balls
Batting: RHB Tim Hankins 0-0: Ball
1-0: Called Strike
1-1: Called Strike
1-2: Ball
2-2: Ball
3-2: SINGLE (Groundball, 34D, EV 104.4 MPH)
Michael Warner scores
Alan Shepherd to second
Runner from 2nd tries for 3rd, SAFE, no throw by RF
Pitching: RHP Daniel Tucker
Batting: LHB Sam Wells 0-0: Ball
Tim Hankins is caught stealing 2nd base 2-6
1-0: Ball
2-0: Called Strike
2-1: Foul Ball, location: 2F
2-2: DOUBLE (Flyball, 8LD, EV 108.1 MPH)
Alan Shepherd scores
Batting: RHB Ramón Gabriel 0-0: Ball
1-0: Ball
2-0: Ball
3-0: Foul Ball, location: 2F
3-1: Fly out, F8 (Line Drive, 8LD, EV 95.6 MPH)
Top of the 11th over - 2 runs, 3 hits, 0 errors, 1 left on base; Cut Off 7 - Lake Erie 5
BOTTOM OF THE 11TH
Lake Erie Arryns batting - Pitching for Cut Off Crawdads : RHP Ron Francis
Now at 2B: José Leyva
Batting: LHB Erik Weinstein 0-0: Ball
1-0: Swinging Strike
1-1: Ball
2-1: Foul Ball, location: 2F
2-2: Ball
3-2: Foul Ball, location: 2F
3-2: Strikes out swinging
Batting: LHB Trent Armstrong 0-0: Swinging Strike
0-1: Ball
1-1: Ball
2-1: Foul Ball, location: 2F
2-2: Ball
3-2: Base on Balls
Batting: RHB Valerio Salinas 0-0: Ball
1-0: Ball
2-0: Foul Ball, location: 2F
2-1: Swinging Strike
2-2: Ball
3-2: Strikes out swinging
Batting: LHB José López 0-0: Ball
1-0: Fielders Choice at 2nd, 5-4 (Groundball, 56, EV 88.8 MPH)
Bottom of the 11th over - 0 runs, 0 hits, 0 errors, 1 left on base; Cut Off 7 - Lake Erie 5
Friday, March 26th, 2021 - OOTP Baseball 20.8 Build 74